 Dungeon Crawl Stone Soup version 0.28-a0-793-g31680bbd8b (webtiles) character file.

Game seed: 17405415626756615342

33 croobank the Magician (level 3, -1/19 HPs)
             Began as a Deep Elf Hedge Wizard on Nov 4, 2021.
             Succumbed to an adder's poison
             ... on level 3 of the Dungeon.
             The game lasted 00:15:06 (1770 turns).

croobank the Magician (Deep Elf Hedge Wizard)       Turns: 1770, Time: 00:15:07

Health: -1/19      AC:  5    Str:  7    XL:     3   Next: 12%
Magic:  11/11      EV: 12    Int: 19    God:
Gold:   54         SH:  5    Dex: 14    Spells: 0/12 levels left

rFire   . . .      SeeInvis .   a - +0 dagger
rCold   . . .      Faith    .   (no shield)
rNeg    . . .      Spirit   .   b - +0 robe
rPois   .          Reflect  +   f - +0 helmet
rElec   .          Harm     .   (no cloak)
rCorr   .          Rampage  .   d - +0 pair of gloves
Will    .....                   e - +0 pair of boots
Stlth   ++........              g - amulet of reflection
HPRegen 0.06/turn               (no ring)
MPRegen 0.12/turn               (no ring)

@: lethally poisoned (-1 -> -11)
A: no striking features
a: no special abilities


You were on level 3 of the Dungeon.
You visited 1 branch of the dungeon, and saw 3 of its levels.

You collected 54 gold pieces.

Inventory:

Hand Weapons
 a - a +0 dagger (weapon)
 j - a +0 mace
Missiles
 h - 15 arrows
 k - 63 stones
 l - 4 boomerangs
Armour
 b - a +0 robe (worn)
 c - a +0 hat
 d - a +0 pair of gloves (worn)
 e - a +0 pair of boots (worn)
 f - a +0 helmet (worn)
Jewellery
 g - an amulet of reflection (around neck)
Scrolls
 i - a scroll of enchant armour {unknown}


   Skills:
 + Level 0.1 Short Blades
 + Level 2.8 Dodging
 + Level 2.6 Stealth
 + Level 5.4 Spellcasting
 + Level 1.3 Conjurations
 + Level 1.1 Summonings
 + Level 1.1 Translocations


You couldn't memorise any spells.
You knew the following spells:

 Your Spells              Type           Power      Damage    Failure   Level
a - Magic Dart            Conj           40%        1d5       7%          1
b - Slow                  Hex            20%        N/A       12%         1
c - Blink                 Tloc           18%        N/A       12%         2
d - Call Imp              Summ           9%         N/A       12%         2
e - Conjure Flame         Conj/Fire      7%         6-21      26%         3
f - Mephitic Cloud        Conj/Pois/Air  6%         N/A       30%         3

Your spell library contained the following spells:

 Spells                   Type           Power      Damage    Failure   Level


Dungeon Overview and Level Annotations

Branches:
Dungeon (3/15)

Altars:


Message History

The adder is moderately wounded.
You block the adder's attack. The adder bites you but does no damage.
You hit the adder.
The adder is heavily wounded.
You block the adder's attack.
You closely miss the adder.
The adder is heavily wounded.
You block the adder's attack.
You miss the adder.
The adder is heavily wounded.
The adder barely misses you.
Your magical contamination has completely faded away.
You barely miss the adder.
The adder is heavily wounded.
The adder misses you. The adder bites you.
You are poisoned.
The adder poisons you!
You barely miss the adder.
The adder is heavily wounded.
You feel sick. You block the adder's attack.
You closely miss the adder.
The adder is heavily wounded.
You feel sick. The adder bites you.
You are lethally poisoned!
The adder poisons you!
You hit the adder.
The adder is severely wounded.
You feel very sick. The adder bites you.
You are more poisoned.
The adder poisons you! The adder barely misses you.
You barely miss the adder.
The adder is severely wounded.
* * * LOW HITPOINT WARNING * * *
You feel very sick. The adder bites you but does no damage.
* * * LOW HITPOINT WARNING * * *
You feel sick. You block the adder's attack.
You climb downwards.
You die...

#. .. ##
#.##.# .
.... #.
... #
#.##.#.#
#....#.#
###....#
#....####
#...@S..#
#####.#.#
...#.#
#####..
.##. . .#
#. # ##


You could see an adder.

Vanquished Creatures
  3 dart slugs (D:1)
  3 bats (D:1)
  3 endoplasms
  2 goblins (D:1)
  3 hobgoblins (D:1)
  A jackal (D:3)
  2 ball pythons (D:1)
  4 frilled lizards
  5 kobolds
  2 rats (D:1)
28 creatures vanquished.

Notes
Turn   | Place    | Note
-------+----------+-------------------------------------------
     0 | D:1      | croobank the Deep Elf Hedge Wizard began the quest for the
                  | Orb.
     0 | D:1      | Reached XP level 1. HP: 10/10 MP: 7/7
     6 | D:1      | Learned a level 1 spell: Slow
   336 | D:1      | Reached XP level 2. HP: 15/15 MP: 5/9
   661 | D:1      | Reached skill level 5 in Spellcasting
   904 | D:1      | Learned a level 2 spell: Blink
   907 | D:1      | Learned a level 2 spell: Call Imp
  1358 | D:1      | Reached XP level 3. HP: 19/19 MP: 8/11
  1362 | D:1      | Learned a level 3 spell: Conjure Flame
  1366 | D:1      | Learned a level 3 spell: Mephitic Cloud
  1770 | D:3      | Succumbed to an adder's poison

Illustrated notes

Levels and vault maps discovered:
D:1:      dpeg_arrival_morbid_curiosity, layout_basic, serial_park_tiny_1,
          interstate_on_off, chequers_garden
D:2:      layout_rooms, basic_altar, uniq_robin, uniq_terence
D:3:      layout_basic, nicolae_ru_great_annihilating_truth

Skill      XL: |  1  2 |
---------------+-------+-----
Spellcasting   | 5 |  5.4
Short Blades   | |  0.1
Dodging        | |  2.8
Stealth        | |  2.6
Conjurations   | |  1.3
Summonings     | |  1.1
Translocations | |  1.1

Action                   || total
-------------------------++-------
Melee: Dagger            ||    44
 Cast: Magic Dart        ||    70
       Call Imp          ||     2
       Blink             ||     1
  Use: Potion            ||     2
Armor: Robe              ||    25
Dodge: Dodged            ||    43
Block: Other             ||    11
       Reflection        ||     2

Table legend: (Time is in decaauts)
 A = Elapsed time spent in this place.
 B = Non-inter-level travel time spent in this place.
 C = Inter-level travel time spent in this place.
 D = Time resting spent in this place.
 E = Time spent auto-exploring this place.
 F = Levels seen in this place.
 G = Mean time per level.
                   A        B        C        D        E       F      G
               +--------+--------+--------+--------+--------+-----+--------+
         Total |   1770 |   1742 |     28 |    544 |    873 |   3 |  590.0 |
       Dungeon |   1770 |   1742 |     28 |    544 |    873 |   3 |  590.0 |
               +--------+--------+--------+--------+--------+-----+--------+

Top non-repeatable levels by time:
     D:1: 1500 daAuts
     D:3: 204 daAuts
     D:2: 65 daAuts
